TOP OF THE 1ST |
Coronado Eclipse batting - Pitching for Watertown Headhunters : RHP Ray Taylor
|
Pitching: RHP Ray Taylor
|
|
Batting: RHB Galtero Confalonieri
|
0-0: Called Strike 0-1: Swinging Strike 0-2: Ball 1-2: TRIPLE (Flyball, 7D)
|
Batting: SHB José Acevedo
|
0-0: Called Strike 0-1: Ball 1-1: Ball 2-1: Called Strike 2-2: Strikes out swinging
|
Batting: RHB Andrés Casillas
|
0-0: Called Strike 0-1: Fly out, F7 (Flyball, 78M) Runner from 3rd tags up, SCORES, no throw
|
Batting: RHB Ramón Ramírez
|
0-0: SINGLE (Line Drive, 56)
|
Batting: RHB Ramón Espinoza
|
0-0: Called Strike 0-1: Swinging Strike 0-2: Ball 1-2: Foul Ball, location: 2F 1-2: Strikes out swinging
|
Top of the 1st over - 1 run, 2 hits, 0 errors, 1 left on base; Coronado 1 - Watertown 0 |
BOTTOM OF THE 1ST |
Watertown Headhunters batting - Pitching for Coronado Eclipse : RHP Paul McGowan
|
Pitching: RHP Paul McGowan
|
|
Batting: LHB William Mitchell
|
0-0: Ground out 4-3 (Groundball, 4)
|
Batting: LHB Leonardo Torres
|
0-0: Fly out, F6 (Popup, 56)
|
Batting: RHB Steve Welch
|
0-0: Called Strike 0-1: DOUBLE (Flyball, 8RXD)
|
Batting: RHB Mike Hurt
|
0-0: Swinging Strike 0-1: Ball 1-1: Swinging Strike 1-2: Ball 2-2: Foul Ball, location: 2F 2-2: Ball 3-2: Strikes out swinging
|
Bottom of the 1st over - 0 runs, 1 hit, 0 errors, 1 left on base; Coronado 1 - Watertown 0 |
TOP OF THE 2ND |
Coronado Eclipse batting - Pitching for Watertown Headhunters : RHP Ray Taylor
|
Batting: RHB Brian Jones
|
0-0: Ball 1-0: SINGLE (Groundball, 4MD)
|
Batting: RHB Vincente Ayala
|
0-0: Called Strike 0-1: Foul Ball, location: 2F 0-2: Ball 1-2: Ball 2-2: Foul Ball, location: 2F 2-2: Ball 3-2: Base on Balls Brian Jones to second
|
Batting: RHB Brandon Smith
|
0-0: Called Strike 0-1: Ball 1-1: Ball 2-1: Ball 3-1: Base on Balls Brian Jones to third Vincente Ayala to second
|
Batting: LHB Ken Miller
|
0-0: Called Strike 0-1: Foul Ball, location: 2F 0-2: Ball 1-2: Ball 2-2: Strikes out swinging
|
Batting: RHB Galtero Confalonieri
|
0-0: Ball 1-0: Fly out, F3 (Popup, 23F)
|
Batting: SHB José Acevedo
|
0-0: Ball 1-0: Ground out 4-3 (Groundball, 34D)
|
Top of the 2nd over - 0 runs, 1 hit, 0 errors, 3 left on base; Coronado 1 - Watertown 0 |
BOTTOM OF THE 2ND |
Watertown Headhunters batting - Pitching for Coronado Eclipse : RHP Paul McGowan
|
Batting: RHB Johnny Marshall
|
0-0: Called Strike 0-1: Swinging Strike 0-2: Ball 1-2: Strikes out looking
|
Batting: RHB Gustavo Martínez
|
0-0: Swinging Strike 0-1: Foul Ball, location: 2F 0-2: Ball 1-2: Ball 2-2: Ball 3-2: Base on Balls
|
Batting: RHB Robinson Martínez
|
0-0: Called Strike Gustavo Martínez steals 2nd base 0-1: Called Strike 0-2: Foul Ball, location: 2F 0-2: Ball 1-2: Strikes out swinging
|
Batting: RHB Pedro López
|
0-0: Foul Ball, location: 2F 0-1: Ball 1-1: Fly out, F9 (Line Drive, 9)
|
Bottom of the 2nd over - 0 runs, 0 hits, 0 errors, 1 left on base; Coronado 1 - Watertown 0 |
TOP OF THE 3RD |
Coronado Eclipse batting - Pitching for Watertown Headhunters : RHP Ray Taylor
|
Batting: RHB Andrés Casillas
|
0-0: Ball 1-0: Called Strike 1-1: Ball 2-1: Swinging Strike 2-2: Ball 3-2: Base on Balls
|
Batting: RHB Ramón Ramírez
|
0-0: Ball 1-0: Swinging Strike 1-1: Foul Ball, location: 2F 1-2: Ball 2-2: Ball 3-2: Foul Ball, location: 2F 3-2: Grounds into double play, 5-4-3 (Groundball, 56)
|
Batting: RHB Ramón Espinoza
|
0-0: Foul Ball, location: 2F 0-1: Foul Ball, location: 2F 0-2: Ground out U3 (Groundball, 3)
|
Top of the 3rd over - 0 runs, 0 hits, 0 errors, 0 left on base; Coronado 1 - Watertown 0 |
BOTTOM OF THE 3RD |
Watertown Headhunters batting - Pitching for Coronado Eclipse : RHP Paul McGowan
|
Batting: RHB John Weber
|
0-0: Foul Ball, location: 2F 0-1: SINGLE (Line Drive, 56D)
|
Batting: LHB William Mitchell
|
0-0: Called Strike 0-1: Fly out, F4 (Line Drive, 4)
|
Batting: LHB Leonardo Torres
|
0-0: Ball 1-0: Called Strike John Weber steals 2nd base 1-1: Foul Ball, location: 2F 1-2: Foul Ball, location: 2F 1-2: Foul Ball, location: 2F 1-2: Strikes out looking
|
Batting: RHB Steve Welch
|
0-0: Ball 1-0: Swinging Strike 1-1: Ball 2-1: Swinging Strike 2-2: Ball 3-2: SINGLE (Flyball, 9S) John Weber to third John Weber scores
|
Batting: RHB Mike Hurt
|
0-0: Ball Steve Welch is caught stealing 2nd base
|
Bottom of the 3rd over - 1 run, 2 hits, 0 errors, 0 left on base; Coronado 1 - Watertown 1 |
TOP OF THE 4TH |
Coronado Eclipse batting - Pitching for Watertown Headhunters : RHP Ray Taylor
|
Batting: RHB Brian Jones
|
0-0: Swinging Strike 0-1: Swinging Strike 0-2: Ball 1-2: Foul Ball, location: 2F 1-2: Ball 2-2: Foul Ball, location: 2F 2-2: Ground out 4-3 (Groundball, 4)
|
Batting: RHB Vincente Ayala
|
0-0: Called Strike 0-1: Ball 1-1: Foul Ball, location: 2F 1-2: Ball 2-2: Foul Ball, location: 2F 2-2: Foul Ball, location: 2F 2-2: SOLO HOME RUN (Flyball, 78XD), Distance : 433 ft
|
Batting: RHB Brandon Smith
|
0-0: Foul Ball, location: 2F 0-1: Foul Ball, location: 2F 0-2: Strikes out swinging, 2-3 out at first.
|
Batting: LHB Ken Miller
|
0-0: Called Strike 0-1: Swinging Strike 0-2: Ball 1-2: Foul Ball, location: 2F 1-2: Ball 2-2: Strikes out looking
|
Top of the 4th over - 1 run, 1 hit, 0 errors, 0 left on base; Coronado 2 - Watertown 1 |
BOTTOM OF THE 4TH |
Watertown Headhunters batting - Pitching for Coronado Eclipse : RHP Paul McGowan
|
Batting: RHB Mike Hurt
|
0-0: Called Strike 0-1: SOLO HOME RUN (Flyball, 78XD), Distance : 433 ft
|
Batting: RHB Johnny Marshall
|
0-0: Ball 1-0: Ball 2-0: Ground out 5-3 (Groundball, 5S)
|
Batting: RHB Gustavo Martínez
|
0-0: Called Strike 0-1: Fly out, F4 (Line Drive, 4)
|
Batting: RHB Robinson Martínez
|
0-0: Ball 1-0: Ground out 5-3 (Groundball, 5S)
|
Bottom of the 4th over - 1 run, 1 hit, 0 errors, 0 left on base; Coronado 2 - Watertown 2 |
TOP OF THE 5TH |
Coronado Eclipse batting - Pitching for Watertown Headhunters : RHP Ray Taylor
|
Batting: RHB Galtero Confalonieri
|
0-0: Swinging Strike 0-1: SINGLE (Line Drive, 3D)
|
Pitching: LHP Kevin Vokey
|
|
Batting: SHB José Acevedo
|
0-0: Ball 1-0: Fly out, F8 (Flyball, 8LM)
|
Batting: RHB Andrés Casillas
|
0-0: Ball 1-0: Ball 2-0: Swinging Strike 2-1: Called Strike 2-2: Ball 3-2: Strikes out swinging
|
Batting: RHB Ramón Ramírez
|
0-0: Called Strike 0-1: Ball 1-1: Called Strike 1-2: Foul Ball, location: 2F 1-2: Foul Ball, location: 2F 1-2: Ball 2-2: Foul Ball, location: 2F 2-2: Ball 3-2: Strikes out swinging
|
Top of the 5th over - 0 runs, 1 hit, 0 errors, 1 left on base; Coronado 2 - Watertown 2 |
BOTTOM OF THE 5TH |
Watertown Headhunters batting - Pitching for Coronado Eclipse : RHP Paul McGowan
|
Batting: RHB Pedro López
|
0-0: Called Strike 0-1: Called Strike 0-2: Ball 1-2: Foul Ball, location: 2F 1-2: Foul Ball, location: 2F 1-2: Strikes out swinging
|
Batting: RHB John Weber
|
0-0: Ball 1-0: Ground out 5-3 (Groundball, 56S)
|
Batting: LHB William Mitchell
|
0-0: Ball 1-0: Ball 2-0: Ground out 6-3 (Groundball, 6)
|
Bottom of the 5th over - 0 runs, 0 hits, 0 errors, 0 left on base; Coronado 2 - Watertown 2 |
TOP OF THE 6TH |
Coronado Eclipse batting - Pitching for Watertown Headhunters : LHP Kevin Vokey
|
Batting: RHB Ramón Espinoza
|
0-0: Swinging Strike 0-1: Ball 1-1: Ball 2-1: Foul Ball, location: 2F 2-2: SINGLE (Line Drive, 56D)
|
Batting: RHB Brian Jones
|
0-0: Fielders Choice at 2nd, 6-4 (Groundball, 6)
|
Batting: RHB Vincente Ayala
|
0-0: Ball 1-0: Called Strike 1-1: Called Strike 1-2: SINGLE (Line Drive, 34D) Brian Jones to second Brian Jones to third
|
Batting: RHB Brandon Smith
|
0-0: Called Strike 0-1: Ball Vincente Ayala steals 2nd base 1-1: Intentional Walk
|
Batting: LHB Ken Miller
|
0-0: Grounds into fielders choice 1-2 (Groundball, 15) Vincente Ayala to third Brandon Smith to second
|
Batting: RHB Galtero Confalonieri
|
0-0: Ball 1-0: Ball 2-0: Called Strike 2-1: Foul Ball, location: 2F 2-2: Foul Ball, location: 2F 2-2: Strikes out swinging
|
Top of the 6th over - 0 runs, 2 hits, 0 errors, 3 left on base; Coronado 2 - Watertown 2 |
BOTTOM OF THE 6TH |
Watertown Headhunters batting - Pitching for Coronado Eclipse : RHP José Ruíz
|
Pitching: RHP José Ruíz
|
|
Batting: LHB Leonardo Torres
|
0-0: Ball 1-0: Foul Ball, location: 2F 1-1: Called Strike 1-2: Strikes out swinging
|
Batting: RHB Steve Welch
|
0-0: Called Strike 0-1: Ball 1-1: Foul Ball, location: 2F 1-2: Ball 2-2: Foul Ball, location: 2F 2-2: Strikes out looking
|
Batting: RHB Mike Hurt
|
0-0: Ground out U3 (Groundball, 3)
|
Bottom of the 6th over - 0 runs, 0 hits, 0 errors, 0 left on base; Coronado 2 - Watertown 2 |
TOP OF THE 7TH |
Coronado Eclipse batting - Pitching for Watertown Headhunters : LHP Kevin Vokey
|
Batting: SHB José Acevedo
|
0-0: Fly out, F9 (Flyball, 89D)
|
Batting: RHB Andrés Casillas
|
0-0: Ball 1-0: Foul Ball, location: 2F 1-1: Ball 2-1: Ball 3-1: Foul Ball, location: 2F 3-2: SINGLE (Line Drive, 78S)
|
Batting: RHB Ramón Ramírez
|
0-0: Foul Ball, location: 2F 0-1: SINGLE (Flyball, 78S) Andrés Casillas to second
|
Batting: RHB Ramón Espinoza
|
0-0: SINGLE (Line Drive, 56D) Andrés Casillas to third Ramón Ramírez to second
|
Batting: RHB Brian Jones
|
0-0: Called Strike 0-1: GRAND SLAM HOME RUN (Flyball, 7D), Distance : 405 ft
|
Pitching: RHP Dave Meyers
|
|
Batting: RHB Vincente Ayala
|
0-0: TRIPLE (Line Drive, 9D)
|
Batting: RHB Brandon Smith
|
0-0: Called Strike 0-1: Ground out 5-3 (Groundball, 5)
|
Batting: LHB Ken Miller
|
0-0: Fly out, F7 (Flyball, 7LDF)
|
Top of the 7th over - 4 runs, 5 hits, 0 errors, 1 left on base; Coronado 6 - Watertown 2 |
BOTTOM OF THE 7TH |
Watertown Headhunters batting - Pitching for Coronado Eclipse : RHP José Ruíz
|
Batting: RHB Johnny Marshall
|
0-0: Ground out 6-3 (Groundball, 6)
|
Batting: RHB Gustavo Martínez
|
0-0: Foul Ball, location: 2F 0-1: Ground out 5-3 (Groundball, 56)
|
Batting: RHB Robinson Martínez
|
0-0: Ball 1-0: Ground out 4-3 (Groundball, 4)
|
Bottom of the 7th over - 0 runs, 0 hits, 0 errors, 0 left on base; Coronado 6 - Watertown 2 |
BOTTOM OF THE 8TH |
Watertown Headhunters batting - Pitching for Coronado Eclipse : RHP José Ruíz
|
Batting: RHB Pedro López
|
0-0: Ball 1-0: Ball 2-0: Swinging Strike 2-1: Foul Ball, location: 2F 2-2: Strikes out swinging
|
Batting: RHB John Weber
|
0-0: Called Strike 0-1: Ground out 5-3 (Groundball, 56S)
|
Batting: LHB William Mitchell
|
0-0: Called Strike 0-1: Ball 1-1: Ball 2-1: Foul Ball, location: 2F 2-2: Strikes out looking
|
Bottom of the 8th over - 0 runs, 0 hits, 0 errors, 0 left on base; Coronado 6 - Watertown 2 |
TOP OF THE 9TH |
Coronado Eclipse batting - Pitching for Watertown Headhunters : RHP Dave Meyers
|
Batting: RHB Brian Jones
|
0-0: Called Strike 0-1: Ball 1-1: Ball 2-1: Fly out, F4 (Popup, 4MD)
|
Batting: RHB Vincente Ayala
|
0-0: Foul Ball, location: 2F 0-1: Ball 1-1: Ball 2-1: Ground out 5-3 (Groundball, 5)
|
Batting: RHB Brandon Smith
|
0-0: Called Strike 0-1: Ball 1-1: Ground out 5-3 (Groundball, 56)
|
Top of the 9th over - 0 runs, 0 hits, 0 errors, 0 left on base; Coronado 6 - Watertown 2 |
BOTTOM OF THE 9TH |
Watertown Headhunters batting - Pitching for Coronado Eclipse : RHP José Ruíz
|
Batting: LHB Leonardo Torres
|
0-0: Ball 1-0: SOLO HOME RUN (Line Drive, 89XD), Distance : 431 ft
|
Pitching: RHP Valentín Rosas
|
|
Batting: RHB Steve Welch
|
0-0: Foul Ball, location: 2F 0-1: Called Strike 0-2: Ball 1-2: Ground out 4-3 (Groundball, 4S)
|
Batting: RHB Mike Hurt
|
0-0: Ball 1-0: Foul Ball, location: 2F 1-1: Ball 2-1: Ball 3-1: Called Strike 3-2: Foul Ball, location: 2F 3-2: Foul Ball, location: 2F 3-2: Strikes out swinging, 2-3 out at first.
|
Batting: RHB Johnny Marshall
|
0-0: Ball 1-0: Ball 2-0: Ball 3-0: Called Strike 3-1: Ground out U3 (Groundball, 23)
|
Bottom of the 9th over - 1 run, 1 hit, 0 errors, 0 left on base; Coronado 6 - Watertown 3 |
|